 Dungeon Crawl Stone Soup version 0.28-a0-595-g9f6c0e134a (webtiles) character file.

Game seed: 16902065478747765707

170 lawman0 the Magician (level 5, -1/40 HPs)
             Began as a Demigod Hedge Wizard on Oct 4, 2021.
             Slain by a bullfrog (2 damage)
             ... on level 4 of the Dungeon.
             The game lasted 00:04:58 (3741 turns).

lawman0 the Magician (Demigod Hedge Wizard)         Turns: 3741, Time: 00:04:58

Health: -1/40      AC:  5    Str: 11    XL:     5   Next: 4%
Magic:  11/13      EV: 12    Int: 20    God:
Gold:   153        SH:  0    Dex: 13    Spells: 1/11 levels left

rFire   . . .      SeeInvis .   p - +2 morningstar (vorpal)
rCold   + . .      Faith    .   (no shield)
rNeg    . . .      Spirit   .   e - +0 leather armour
rPois   .          Reflect  .   r - +0 helmet
rElec   .          Harm     .   (no cloak)
rCorr   .          Rampage  .   o - +0 pair of gloves
Will    .....                   (no boots)
Stlth   ++........              (no amulet)
HPRegen 0.13/turn               g - ring of flight
MPRegen 0.13/turn               q - ring of protection from cold

@: mighty, flying
A: high mp 1, forlorn
a: no special abilities


You were on level 4 of the Dungeon.
You visited 1 branch of the dungeon, and saw 4 of its levels.

You collected 153 gold pieces.

Inventory:

Hand Weapons
 h - a +0 spear
 p - a +2 vorpal morningstar (weapon)
Missiles
 k - 18 poisoned darts
Armour
 e - a +0 leather armour (worn)
 o - a +0 pair of gloves (worn)
 r - a +0 helmet (worn)
Jewellery
 g - a ring of flight (left hand)
 q - a ring of protection from cold (right hand)
Scrolls
 b - a scroll of immolation {unknown}
 d - a scroll of teleportation
 m - a scroll of fear {unknown}
 n - a scroll of enchant weapon
 s - a scroll of amnesia
Potions
 a - a potion of mutation {unknown}
 c - a potion of might
 f - 2 potions of curing
 j - 2 potions of flight {unknown}
 l - a potion of lignification {unknown}


   Skills:
 + Level 1.0 Fighting
 + Level 0.5 Armour
 + Level 2.2 Dodging
 + Level 2.1 Stealth
 + Level 3.6 Spellcasting
 * Level 2.8 Conjurations
 + Level 0.9 Summonings
 + Level 0.8 Translocations
 * Level 0.2 Air Magic


You had one spell level left.
You knew the following spells:

 Your Spells              Type           Power      Damage    Failure   Level
a - Magic Dart            Conj           60%        1d6       5%          1
b - Blink                 Tloc           N/A        N/A       19%         2
c - Call Imp              Summ           7%         N/A       19%         2
d - Slow                  Hex            3%         N/A       26%         2
e - Swiftness             Air            4%         N/A       43%         3

Your spell library contained the following spells:

 Spells                   Type           Power      Damage    Failure   Level
 Shock                    Conj/Air       36%        1d5       10%         1
 Conjure Flame            Conj/Fire      9%         6-21      28%         3
 Mephitic Cloud           Conj/Pois/Air  7%         N/A       34%         3
 Airstrike                Air            2%         N/A       85%         4
 Dispersal                Tloc           3%         N/A       100%        6
 Disjunction              Tloc           3%         N/A       100%        8


Dungeon Overview and Level Annotations

Branches:
Dungeon (4/15)
 Temple: D:4-7

Shops:
D:3 (


Innate Abilities, Weirdness & Mutations

Your attributes grow dramatically as you level up.
You have an increased reservoir of magic. (+10% MP)
You shall have no god before yourself.


Message History

The bullfrog is moderately wounded.
The bullfrog hits you. The bullfrog closely misses you.
You barely miss the bullfrog.
The bullfrog is moderately wounded.
The bullfrog barely misses you. The bullfrog hits you.
You closely miss the bullfrog.
The bullfrog is moderately wounded.
The bullfrog misses you. The bullfrog barely misses you.
You hit the bullfrog.
The bullfrog is moderately wounded.
The bullfrog barely misses you. x2
The bullfrog hits you but does no damage.
You sock the bullfrog!
The bullfrog is severely wounded.
The bullfrog hits you. x2
You closely miss the bullfrog.
The bullfrog is severely wounded.
The bullfrog hits you.
The bullfrog hits you but does no damage.
You barely miss the bullfrog.
The bullfrog is severely wounded.
The bullfrog hits you. The bullfrog closely misses you. The bullfrog hits you.
You are too injured to fight recklessly!
You are too injured to fight recklessly!
You completely miss the bullfrog.
The bullfrog is severely wounded.
The bullfrog hits you.
* * * LOW HITPOINT WARNING * * *
The bullfrog hits you.
* * * LOW HITPOINT WARNING * * *
It was a potion of might.
You feel very mighty all of a sudden.
The bullfrog snags a nearby baby bat with its tongue.
The bullfrog barely misses you.
You closely miss the bullfrog.
The bullfrog is severely wounded.
The bullfrog hits you!
* * * LOW HITPOINT WARNING * * *
The bullfrog hits you.
You die...

#### ..# #.#
########.#####
.......<#.†..#
########.###.#
#@# #F# .S#
..## ... ....
..... ###...


You could see a bullfrog and a ball python.

Vanquished Creatures
  3 gnolls (D:3)
  6 adders
  An ufetubus (D:3)
  4 dart slugs
  4 orcs (D:3)
  5 bats
  An endoplasm (D:2)
  2 giant cockroaches (D:3)
  4 goblins
  7 hobgoblins
  7 jackals
  A quokka (D:2)
  11 ball pythons
  2 frilled lizards
  3 kobolds
  3 rats
64 creatures vanquished.

Vanquished Creatures (collateral kills)
  2 orcs (D:3)
2 creatures vanquished.

Grand Total: 66 creatures vanquished

Notes
Turn   | Place    | Note
-------+----------+-------------------------------------------
     0 | D:1      | lawman0 the Demigod Hedge Wizard began the quest for the
                  | Orb.
     0 | D:1      | Reached XP level 1. HP: 14/14 MP: 6/6
   172 | D:1      | Reached skill level 1 in Conjurations
   264 | D:1      | Reached skill level 3 in Spellcasting
   494 | D:1      | Reached XP level 2. HP: 20/20 MP: 4/8
   511 | D:1      | Learned a level 2 spell: Blink
   514 | D:1      | Learned a level 2 spell: Call Imp
   585 | D:1      | Learned a level 2 spell: Slow
  1460 | D:2      | Reached XP level 3. HP: 19/26 MP: 0/10
  2133 | D:3      | Found Tosir's Antique Weapon Shoppe.
  2316 | D:3      | Reached XP level 4. HP: 33/34 MP: 6/11
  2489 | D:3      | Reached skill level 1 in Fighting
  2766 | D:3      | Learned a level 3 spell: Swiftness
  3515 | D:3      | Reached XP level 5. HP: 40/40 MP: 6/13
  3741 | D:4      | HP: 1/40 [bullfrog (7)]
  3741 | D:4      | Slain by a bullfrog

Illustrated notes

Levels and vault maps discovered:
D:1:      mrwooster_arrival_statue, layout_loops_ring
D:2:      layout_loops_ring, ebering_ecumenical_altar_box, basic_altar
D:3:      minmay_general_purpose_star, layout_basic, serial_shops, shop,
          minmay_pentomino_pile
D:4:      layout_loops_ring, marbit_many_paths, temple_doors_ab,
          grunt_decor_mini_mirrors

Skill      XL: |  1  2  3  4 |
---------------+-------------+-----
Conjurations   | 1 2 |  2.8
Spellcasting   | 3 |  3.6
Stealth        | 2 |  2.1
Dodging        | 2 |  2.2
Fighting       | 1 |  1.0
Armour         | |  0.5
Summonings     | |  0.9
Translocations | |  0.8
Air Magic      | |  0.2

Action                   |  1- 3 |  4- 6 || total
-------------------------+-------+-------++-------
Melee: Spear             |    22 |       ||    22
       Morningstar       |       |    40 ||    40
 Cast: Magic Dart        |    95 |    58 ||   153
       Call Imp          |     2 |       ||     2
  Use: Potion            |     1 |     1 ||     2
       Scroll            |     1 |     2 ||     3
Armor: Robe              |     1 |       ||     1
       Leather armour    |    10 |    20 ||    30
Dodge: Dodged            |    31 |    39 ||    70

Table legend: (Time is in decaauts)
 A = Elapsed time spent in this place.
 B = Non-inter-level travel time spent in this place.
 C = Inter-level travel time spent in this place.
 D = Time resting spent in this place.
 E = Time spent auto-exploring this place.
 F = Levels seen in this place.
 G = Mean time per level.
                   A        B        C        D        E       F      G
               +--------+--------+--------+--------+--------+-----+--------+
         Total |   3760 |   3687 |     73 |   1036 |   2156 |   4 |  940.0 |
       Dungeon |   3760 |   3687 |     73 |   1036 |   2156 |   4 |  940.0 |
               +--------+--------+--------+--------+--------+-----+--------+

Top non-repeatable levels by time:
     D:3: 1607 daAuts
     D:2: 1100 daAuts
     D:1: 1028 daAuts
     D:4: 24 daAuts
